 Dungeon Crawl Stone Soup version 0.28-a0-895-g6e5f11bd55 (webtiles) character file.

Game seed: 16938890119664951419

179 vineage the Skirmisher (level 5, 0/34 HPs)
             Began as a Gargoyle Fighter on Nov 22, 2021.
             Slain by a gnoll (8 damage)
             ... on level 4 of the Dungeon.
             The game lasted 00:03:14 (3773 turns).

vineage the Skirmisher (Gargoyle Fighter)           Turns: 3773, Time: 00:03:15

Health: 0/34       AC: 15    Str: 20    XL:     5   Next: 59%
Magic:  5/5        EV:  6    Int:  9    God:
Gold:   115        SH:  6    Dex:  9    Spells: 4/4 levels left

rFire   . . .      SeeInvis .   i - +1 mace (holy)
rCold   . . .      Faith    .   l - +2 buckler
rNeg    + . .      Spirit   .   g - +0 plate armour
rPois   ∞          Reflect  .   (no helmet)
rElec   +          Harm     .   (no cloak)
rCorr   .          Rampage  .   (no gloves)
Will    .....                   (no boots)
Stlth   ..........              (no amulet)
HPRegen 0.11/turn               (no ring)
MPRegen 0.09/turn               (no ring)

@: no status effects
A: sickness immunity, AC +4, negative energy resistance 1, electricity
resistance, torment resistance 1, petrification resistance
a: no special abilities


You were on level 4 of the Dungeon.
You visited 1 branch of the dungeon, and saw 4 of its levels.

You collected 115 gold pieces.

Inventory:

Hand Weapons
 a - a +0 flail
 e - a +0 mace of venom
 i - a +1 mace of holy wrath (weapon)
Armour
 d - a +0 cloak
 g - a +0 plate armour (worn)
 l - a +2 buckler (worn)
Potions
 b - 2 potions of attraction {unknown}
 c - a potion of degeneration {unknown}
 f - a potion of curing
 h - 2 potions of haste {unknown}


   Skills:
 * Level 4.9 Fighting
 + Level 3.0 Maces & Flails
 + Level 4.2 Armour
 + Level 4.1 Shields


You had 4 spell levels left.
You didn't know any spells.
Your spell library contained the following spells:

 Spells                   Type           Power      Damage    Failure   Level
 Malign Gateway           Summ/Tloc      0%         N/A       100%        7
 Summon Horrible Things   Summ           0%         N/A       100%        8


Dungeon Overview and Level Annotations

Branches:
Dungeon (4/15)
 Temple: D:4-7

Altars:
Nemelex Xobeh


Innate Abilities, Weirdness & Mutations

You are immune to sickness and miasma.
Your stone body is resilient. (AC +4)
You are immune to poison.
You resist negative energy. (rN+)
You are resistant to electric shocks. (rElec)
You are resistant to unholy torment.
You are immune to petrification.


Message History

You barely miss the gnoll.
The gnoll hits you but does no damage. x2
The gnoll barely misses you. The gnoll hits you with a +3 flail.
You sock the gnoll!
The gnoll is almost dead.
You block the gnoll's attack. x2; The gnoll hits you but does no damage.
You sock the gnoll!
You kill the gnoll!
You block the gnoll's attack.
You hit the gnoll.
The gnoll is lightly wounded.
The gnoll hits you but does no damage. The gnoll hits you with a +3 flail.
You block the gnoll's attack. The gnoll barely misses you.
You are too injured to fight recklessly!
You are too injured to fight recklessly!
You are too injured to fight recklessly!
You are too injured to fight recklessly!
You are too injured to fight recklessly!
You are too injured to fight recklessly!
You are too injured to fight recklessly!
You are too injured to fight recklessly!
You are too injured to fight recklessly!
You are too injured to fight recklessly!
You are too injured to fight recklessly!
The gnoll barely misses you.
There is a stone staircase leading up here.
You hit the gnoll.
The gnoll is lightly wounded.
You block the gnoll's attack.
You hit the gnoll.
The gnoll is moderately wounded.
The gnoll hits you but does no damage. The gnoll hits you with a +3 flail!
You thump the gnoll!
The gnoll is almost dead.
The gnoll barely misses you.
You sock the gnoll!
You kill the gnoll!
The gnoll hits you with a +0 club.
* * * LOW HITPOINT WARNING * * *
The gnoll hits you from afar with a +0 halberd!
You die...

#.# ..#
##.#
..#
#####)#
#.....#
###.#g#
). #g#
## #@#
#.# ###


You could see 2 gnolls.

Vanquished Creatures
  An orc priest (D:3)
  Crazy Yiuf (D:3)
  4 adders
  2 gnolls (D:4)
  An ufetubus (D:3)
  An adder skeleton (D:4)
  A dart slug (D:1)
  2 worms (D:2)
  2 orcs (D:3)
  6 endoplasms
  2 giant cockroaches
  5 hobgoblins
  3 kobolds
  A quokka (D:1)
  4 ball pythons
  4 bats
  5 frilled lizards
  6 goblins
  7 rats
58 creatures vanquished.

Vanquished Creatures (others)
  9 plants (D:1)
9 creatures vanquished.

Grand Total: 67 creatures vanquished

Notes
Turn   | Place    | Note
-------+----------+-------------------------------------------
     0 | D:1      | vineage the Gargoyle Fighter began the quest for the Orb.
     0 | D:1      | Reached XP level 1. HP: 14/14 MP: 1/1
   194 | D:1      | Reached XP level 2. HP: 4/19 MP: 2/2
  1215 | D:2      | Reached XP level 3. HP: 18/24 MP: 3/3
  2045 | D:2      | Found a sparkling altar of Nemelex Xobeh.
  2291 | D:2      | Found a faded altar of an unknown god.
  2743 | D:3      | Reached XP level 4. HP: 21/29 MP: 4/4
  3315 | D:3      | Reached XP level 5. HP: 28/34 MP: 5/5
  3531 | D:3      | Found a runed translucent door.
  3532 | D:3      | Noticed Crazy Yiuf
  3541 | D:3      | Killed Crazy Yiuf
  3773 | D:4      | Slain by a gnoll

Illustrated notes

Levels and vault maps discovered:
D:1:      dpeg_arrival_fog, layout_loops_ring, kennysheep_boxes
D:2:      layout_loops_corners, basic_altar, serial_co_window_serial,
          co_window_corner_a, co_window_corner_a, co_window_paths_b,
          co_window_corner_a, co_window_corner_a, co_window_corner_a,
          co_window_paths_a, co_window_broadway_b, co_window_paths_c,
          co_window_of_opportunity_c, glass_columns_a,
          chequers_ecumenical_altar_lobes, minmay_crystal_room,
          hangedman_decor_slide_cut
D:3:      layout_loops_cross, uniq_crazy_yiuf_cottage
D:4:      layout_basic, grunt_dithmenos_smoke, serial_shops,
          kennysheep_little_box, nicolae_shop_window_shopping

Skill      XL: |  1  2  3  4  5 |
---------------+----------------+-----
Fighting       | 4 |  4.9
Armour         | 4 |  4.2
Shields        | 4 |  4.1
Maces & Flails | 3 |  3.0

Action                   |  1- 3 |  4- 6 || total
-------------------------+-------+-------++-------
Melee: Flail             |    31 |       ||    31
       Mace              |    87 |    70 ||   157
  Use: Scroll            |     2 |     3 ||     5
       Potion            |       |     1 ||     1
Armor: Scale mail        |    20 |       ||    20
       Plate armour      |    54 |    62 ||   116
Dodge: Dodged            |    33 |    26 ||    59
Block: Buckler           |    13 |    20 ||    33

Table legend: (Time is in decaauts)
 A = Elapsed time spent in this place.
 B = Non-inter-level travel time spent in this place.
 C = Inter-level travel time spent in this place.
 D = Time resting spent in this place.
 E = Time spent auto-exploring this place.
 F = Levels seen in this place.
 G = Mean time per level.
                   A        B        C        D        E       F      G
               +--------+--------+--------+--------+--------+-----+--------+
         Total |   3837 |   3690 |    147 |      0 |   3225 |   4 |  959.2 |
       Dungeon |   3837 |   3690 |    147 |      0 |   3225 |   4 |  959.2 |
               +--------+--------+--------+--------+--------+-----+--------+

Top non-repeatable levels by time:
     D:2: 1660 daAuts
     D:3: 1193 daAuts
     D:1: 961 daAuts
     D:4: 21 daAuts
